 Dungeon Crawl Stone Soup version 0.22-a0-183-g9e71ff9 (webtiles) character file.

993 pokedragonboy the Ruffian (level 8, 69/69 HPs)
             Began as a Ghoul Monk on Feb 14, 2018.
             Quit the game on level 6 of the Dungeon.
             The game lasted 00:10:52 (4832 turns).

pokedragonboy the Ruffian (Ghoul Monk)              Turns: 4832, Time: 00:10:52

Health: 69/69      AC: 14    Str: 18    XL:     8   Next: 19%
Magic:  7/7        EV:  8    Int:  6    God:
Gold:   393        SH:  0    Dex: 14    Spells: 7/7 levels left

rFire    . . .     SeeInvis .     - Unarmed
rCold    + . .     Gourm    .   (no shield)
rNeg     + + +     Faith    .   d - +0 chain mail
rPois    ∞         Spirit   .   l - +2 helmet
rElec    .         Reflect  .   (no cloak)
rCorr    .         Harm     .   (no gloves)
MR       .....                  x - +0 pair of boots
Stlth    ..........             (no amulet)
HPRegen  0.21/turn              k - +3 ring of strength
MPRegen  0.10/turn              w - +2 ring of dexterity

@: rotting
A: rotting body, claws 1, carnivore, cold resistance 1, negative energy
resistance 3, inhibited regeneration, torment resistance, unbreathing
a: no special abilities


You were on level 6 of the Dungeon.
You were hungry.

You visited 1 branch of the dungeon, and saw 6 of its levels.

You collected 393 gold pieces.

Inventory:

Armour
 d - a +0 chain mail (worn)
 l - a +2 helmet (worn)
 x - a +0 pair of boots (worn)
Jewellery
 k - a +3 ring of strength (left claw)
 w - a +2 ring of dexterity (right claw)
Wands
 r - a wand of digging (13)
 y - a wand of paralysis (11)
 B - a wand of iceblast (7)
Scrolls
 h - a scroll of blinking {unknown}
 j - a scroll of amnesia {unknown}
 m - 3 scrolls of remove curse
 n - a scroll of noise {unknown}
 p - 2 scrolls of magic mapping {unknown}
 s - a scroll of enchant weapon {unknown}
 t - a scroll of fog
 v - 3 scrolls of immolation
 z - 2 scrolls of teleportation {unknown}
 C - a scroll of enchant armour
Potions
 a - 2 potions of degeneration {unknown}
 c - 5 potions of heal wounds
 e - 2 potions of magic {unknown}
 f - a potion of curing
 g - a potion of flight
 o - a potion of might {unknown}
 q - 2 potions of agility
 u - 3 potions of brilliance
 D - 2 potions of cancellation {unknown}
Comestibles
 b - 12 rations
 i - 6 chunks of flesh


   Skills:
 + Level 5.5 Fighting
 * Level 5.1 Armour
 - Level 2.6 Dodging
 - Level 2.1 Stealth
 * Level 7.2 Unarmed Combat


You had 7 spell levels left.
You didn't know any spells.

Dungeon Overview and Level Annotations

Branches:
Dungeon (6/15)
 Temple: D:4-7

Altars:
Nemelex Xobeh
Ru
Trog

Portals:
Sewer: D:6


Innate Abilities, Weirdness & Mutations

Your body is rotting away.
You thrive on raw meat.
You are immune to poison.
You have sharp fingernails.
You are carnivorous and can eat meat at any time.
Your flesh is cold resistant. (rC+)
You are immune to negative energy. (rN+++)
You do not regenerate when monsters are visible.
You are immune to unholy pain and torment.
You can survive without breathing.


Message History

i - 4 chunks of flesh (gained 1)
You butcher the leopard gecko corpse.
i - 6 chunks of flesh (gained 2)
You butcher the giant cockroach corpse.
i - 7 chunks of flesh (gained 1)
There is a glowing drain here.
You enter the shallow water.
Moving in this stuff is going to be slow.
You are near starving!
No target in view!
You feel your flesh rotting away.
Eating one of 7 chunks of flesh.
You eat one of the 7 chunks of flesh.
You feel more resilient.
This raw flesh tastes great!
You are feeling hungry.
You enter the shallow water.
Moving in this stuff is going to be slow.
You enter the shallow water.
Moving in this stuff is going to be slow.
Found a quarterstaff.
Are you sure you want to abandon this character and quit the game? (Confirm with "yes".)

#.# .#
#. #.##
.# #..#
.# ##.#
.# #.#
.# #.#
.#
#.##.#
###..#.#
#....@.#
#......#
#......#
#####..#
##.# ..
... .)#


There were no monsters in sight!

Vanquished Creatures
  Sigmund (D:4)
  Edmund (D:5)
  Blork the orc (D:4)
  3 howler monkeys
  A crimson imp (D:5)
  A jelly (D:5)
  A centaur zombie (D:5)
  2 hounds
  Terence (D:2)
  Jessica (D:2)
  An iguana (D:6)
  Ijyb (D:4)
  3 worker ants
  Robin (D:4)
  A worker ant zombie (D:5)
  4 adders
  An ooze (D:1)
  An adder skeleton (D:5)
  2 worms
  5 leopard geckos
  10 orcs
  13 giant cockroaches
  13 goblins
  17 hobgoblins
  5 quokkas
  3 ball pythons
  9 bats
  7 frilled lizards
  2 giant cockroach zombies (D:5)
  A jackal skeleton (D:4)
  15 kobolds
  14 rats
142 creatures vanquished.

Notes
Turn   | Place    | Note
-------+----------+-------------------------------------------
     0 | D:1      | pokedragonboy the Ghoul Monk began the quest for the Orb.
     0 | D:1      | Reached XP level 1. HP: 19/19 MP: 0/0
    52 | D:1      | Reached XP level 2. HP: 20/26 MP: 1/1
   260 | D:1      | Reached skill level 1 in Armour
   346 | D:1      | Reached XP level 3. HP: 26/31 MP: 2/2
   546 | D:2      | Reached skill level 4 in Unarmed Combat
   660 | D:2      | Noticed Terence
   678 | D:2      | Killed Terence
   678 | D:2      | Reached XP level 4. HP: 21/40 MP: 3/3
   880 | D:2      | Noticed Jessica
   889 | D:2      | Killed Jessica
  1057 | D:2      | Found a sacrificial altar of Ru.
  1146 | D:2      | Reached XP level 5. HP: 43/46 MP: 4/4
  1715 | D:3      | Found a bloodstained altar of Trog.
  1985 | D:4      | Found a sparkling altar of Nemelex Xobeh.
  2056 | D:4      | Noticed Robin
  2080 | D:4      | Reached skill level 5 in Unarmed Combat
  2094 | D:4      | Killed Robin
  2229 | D:4      | Noticed Sigmund
  2242 | D:4      | Killed Sigmund
  2242 | D:4      | Reached XP level 6. HP: 48/53 MP: 5/5
  2322 | D:4      | Noticed Blork the orc
  2332 | D:4      | Killed Blork the orc
  2332 | D:4      | Reached skill level 6 in Unarmed Combat
  2332 | D:4      | Reached XP level 7. HP: 50/60 MP: 6/6
  2603 | D:4      | Noticed Ijyb
  2616 | D:4      | Killed Ijyb
  3571 | D:5      | Entered Level 5 of the Dungeon
  3758 | D:5      | Reached skill level 5 in Fighting
  4384 | D:5      | Noticed Edmund
  4394 | D:5      | Killed Edmund
  4394 | D:5      | Reached skill level 7 in Unarmed Combat
  4394 | D:5      | Reached XP level 8. HP: 66/69 MP: 7/7
  4711 | D:6      | Reached skill level 5 in Armour
  4766 | D:6      | Found a glowing drain.
  4832 | D:6      | Quit the game

Vault maps used:
D:1:      nzn_arrival_depleted_hourglass
D:2:      marbit_many_paths, first_ration, kennysheep_jessica_study,
          uniq_terence
D:3:      lemuel_doored_altar, kennysheep_generic_room_3
D:4:      corexii_shack_village, nemelex_xobeh_ov_fountains_minmay,
          minmay_unequal, uniq_blork_the_orc, uniq_ijyb, uniq_robin,
          uniq_sigmund
D:5:      uniq_edmund
D:6:      grunt_temple_overflow_open, gup_sewer_entry_pipe,
          minmay_misc_feat_plants

Skill      XL: |  1  2  3  4  5  6  7  8 |
---------------+-------------------------+-----
Armour         | 1 2 3 4 5 |  5.1
Unarmed Combat | 4 5 6 7 |  7.2
Fighting       | 4 5 |  5.5
Dodging        | |  2.6
Stealth        | |  2.1

Action                   |  1- 3 |  4- 6 |  7- 9 || total
-------------------------+-------+-------+-------++-------
Melee: Unarmed           |    98 |   202 |   195 ||   495
       Punch             |     2 |     2 |     4 ||     8
Evoke: Wand              |       |     1 |       ||     1
  Use: Scroll            |     1 |     5 |     7 ||    13
       Potion            |       |     1 |       ||     1
 Stab: Paralysed         |       |     5 |       ||     5
  Eat: Chunk             |     5 |    25 |     4 ||    34
Armor: Robe              |     6 |       |       ||     6
       Scale mail        |    44 |    88 |    33 ||   165
       Chain mail        |       |       |    45 ||    45
Dodge: Dodged            |    64 |   133 |    91 ||   288

Table legend:
 A = Spawn XP
 B = Non-spawn XP
 C = Spawn XP percentage of total XP
 D = Spawn monster count
 E = Non-spawn monster count
 F = Spawn count percentage of total count
 G = Total turns spent on level
                    A         B        C        D         E        F      G
               +---------+---------+-------+---------+---------+-------+---------
         Total |       0 |    1419 |   0.0 |       0 |     142 |   0.0 |  4832
               +---------+---------+-------+---------+---------+-------+---------
           D:1 |       0 |      38 |   0.0 |       0 |      21 |   0.0 |   474
           D:2 |       0 |     160 |   0.0 |       0 |      33 |   0.0 |   951
           D:3 |       0 |      33 |   0.0 |       0 |      18 |   0.0 |   554
           D:4 |       0 |     574 |   0.0 |       0 |      40 |   0.0 |  1592
           D:5 |       0 |     513 |   0.0 |       0 |      18 |   0.0 |  1065
           D:6 |       0 |     101 |   0.0 |       0 |      12 |   0.0 |   196
               +---------+---------+-------+---------+---------+-------+---------
